 Dungeon Crawl Stone Soup version 0.21.0-3-g78d12a8 (webtiles) character file.

1705 inmateoo the Sneak (level 8, -3/62 HPs)
             Began as a Demonspawn Wanderer on Jan 9, 2018.
             Was an Initiate of Dithmenos.
             Slain by an unseen horror (7 damage)
             ... on level 6 of the Dungeon.
             The game lasted 00:10:21 (7199 turns).

inmateoo the Sneak (Demonspawn Wanderer)            Turns: 7199, Time: 00:10:22

Health: -3/62      AC:  9    Str: 12    XL:     8   Next: 73%
Magic:  11/11      EV: 10    Int: 14    God:    Dithmenos [......]
Gold:   267        SH:  3    Dex: 15    Spells: 11/11 levels left

rFire    . . .     SeeInvis .   v - +2 short sword (drain) (curse)
rCold    + . .     Gourm    .   z - +0 buckler
rNeg     + . .     Faith    .   i - +1 leather armour
rPois    .         Spirit   .   x - +0 helmet
rElec    .         Reflect  .   (no cloak)
rCorr    .         Harm     .   l - +0 pair of gloves
MR       .....                  r - +0 pair of boots
Stlth    +++.......             (no amulet)
HPRegen  0.20/turn              p - ring of positive energy
MPRegen  0.12/turn              y - ring of protection from cold

@: no status effects
A: hooves 1, thin metallic scales 1, demonic guardian 2, spiny 1, wild magic 1
a: Renounce Religion


You were on level 6 of the Dungeon.
You worshipped Dithmenos.
Dithmenos was noncommittal.
You were not hungry.

You visited 1 branch of the dungeon, and saw 7 of its levels.

You collected 267 gold pieces.

Inventory:

Hand Weapons
 e - a +0 dagger
 k - a +0 dagger of freezing
 q - a +0 dagger of venom
 t - a +0 rapier
 v - a cursed +2 short sword of draining (weapon)
Missiles
 m - 13 poisoned needles
Armour
 i - a +1 leather armour (worn)
 l - a +0 pair of gloves (worn)
 r - a +0 pair of boots (worn)
 x - a +0 helmet (worn)
 z - a +0 buckler (worn)
Jewellery
 p - a ring of positive energy (left hand)
 y - a ring of protection from cold (right hand)
Wands
 g - a wand of enslavement (27)
Scrolls
 c - 2 scrolls of teleportation
 d - 4 scrolls of enchant armour
 o - a scroll of brand weapon {unknown}
 w - a scroll of fear {unknown}
 B - a scroll of blinking {unknown}
 C - a scroll of identify
Potions
 h - a potion of flight {unknown}
 j - a potion of cancellation {unknown}
 n - 2 potions of magic
 s - 2 potions of curing {unknown}
 u - a potion of haste
 A - a potion of brilliance {unknown}
Books
 a - a book of Spatial Translocations

   Spells                             Type                      Level
   a - Blink                          Translocation                2
   b - Shroud of Golubria             Charms/Translocation         2
   c - Lesser Beckoning               Translocation                3
   d - Gell's Gravitas                Translocation                3
   e - Teleport Other                 Translocation                3
   f - Passage of Golubria            Translocation                4
 b - the Handbook of Arcane Weapons

   Spells                             Type                      Level
   a - Searing Ray                    Conjuration                  2
   b - Throw Frost                    Conjuration/Ice              2
Comestibles
 f - 12 rations


   Skills:
 + Level 5.0 Fighting
 * Level 5.9 Short Blades
 - Level 1.0 Throwing
 - Level 3.0 Armour
 + Level 0.2 Dodging
 * Level 6.9 Stealth
 + Level 0.3 Shields
 - Level 2.0 Spellcasting
   Level 1.0 Translocations
   Level 1.7 Fire Magic


You had 11 spell levels left.
You didn't know any spells.

Dungeon Overview and Level Annotations

Branches:
Dungeon (7/15)             Temple (0/1) D:7

Altars:
Dithmenos
Qazlal
Ru
Yredelemnul
Zin
The Shining One


Innate Abilities, Weirdness & Mutations

You have large cloven feet.
You are partially covered in thin metallic scales. (AC +2)
A demonic guardian rushes to your aid.
You are partially covered in sharp spines.
Your spells are a little harder to cast, but a little more powerful.


Message History

You swing at nothing.
Something hits you.
You swing at nothing.
Something hits you!
You swing at nothing.
Something hits you.
You climb upwards.
There is a stone staircase leading down here.
There is a strange disturbance nearby!
Unknown command.
Something hits you.
Something hits you but does no damage. x2
Something hits you!
* * * LOW HITPOINT WARNING * * *
Something hits you.
* * * LOW HITPOINT WARNING * * *
Something hits you but does no damage. Something hits you.
* * * LOW HITPOINT WARNING * * *
Okay, then.
Something hits you!
You die...

############# #...........##
#.........#..# #...........## ###
####.##.#.....# .(# #####
##....##.....### #.# #...#
#..####..##..#
#.###.<.#####.###.....>..#
........#...#.#.@...#.##.#
...#........#.#.##..#....#
##..........#............#
###.......#.#.......###.######
####......)().......# #......#
...............(....# ######.####
.........#....(.....# #......
...............<....#######......
...........#.#.##........##......


There were no monsters in sight!

Vanquished Creatures
  Eustachio (D:4)
  2 ogres
  3 centaurs (D:6)
  A big kobold (D:7)
  2 bullfrogs
  A scorpion (D:6)
  A howler monkey (D:6)
  A bullfrog zombie (D:5)
  A hound (D:5)
  An orc priest (D:6)
  An orc wizard (D:6)
  2 worker ants
  2 gnolls (D:3)
  7 adders
  2 shadow imps (D:5)
  A worm (D:6)
  2 dart slugs
  A leopard gecko (D:2)
  27 orcs
  6 bats
  7 giant cockroaches
  5 goblins
  8 hobgoblins
  3 jackals (D:6)
  13 kobolds
  A quokka (D:3)
  2 ball pythons
  7 frilled lizards
  A jackal zombie (D:5)
  A leopard gecko skeleton (D:5)
  7 rats
120 creatures vanquished.

Vanquished Creatures (collateral kills)
  The ghost of inmateoo the Ducker, an amateur DsWn (D:4)
  The ghost of nuthulu the Cudgeler, an amateur GrFi (D:3)
  An orc warrior (D:6)
  A phantom (D:3)
  3 centaurs
  3 wights (D:4)
  A bullfrog zombie (D:6)
  2 orc priests (D:6)
  A jelly (D:6)
  2 worker ants
  An iguana (D:5)
  2 adders
  A gnoll (D:3)
  4 orcs
  A goblin (D:3)
  A frilled lizard (D:4)
26 creatures vanquished.

Grand Total: 146 creatures vanquished

Notes
Turn   | Place    | Note
-------+----------+-------------------------------------------
     0 | D:1      | inmateoo the Demonspawn Wanderer began the quest for the Orb.
     0 | D:1      | inmateoo set off with: a book of Spatial Translocations, the Handbook of Arcane Weapons, a scroll of teleportation, a +0 robe, a +0 dagger, a ration
     0 | D:1      | Reached XP level 1. HP: 16/16 MP: 3/3
     2 | D:1      | Identified the Handbook of Arcane Weapons
   300 | D:1      | Reached skill level 2 in Stealth
   471 | D:1      | Gained mutation: A weak demonic guardian rushes to your aid. [demonic ancestry]
   471 | D:1      | Reached XP level 2. HP: 15/22 MP: 5/5
   599 | D:1      | Reached skill level 1 in Short Blades
   930 | D:2      | Found a sacrificial altar of Ru.
   935 | D:2      | Gained mutation: You are partially covered in sharp spines. [demonic ancestry]
   935 | D:2      | Reached XP level 3. HP: 22/28 MP: 6/6
  1629 | D:3      | Noticed nuthulu's ghost (amateur GrFi)
  1631 | D:3      | Reached XP level 4. HP: 32/34 MP: 7/7
  1745 | D:2      | Reached skill level 3 in Stealth
  1993 | D:3      | Noticed a phantom
  3019 | D:4      | Noticed an ogre
  3029 | D:4      | Killed an ogre
  3029 | D:4      | Gained mutation: You are partially covered in thin metallic scales. (AC +2) [demonic ancestry]
  3029 | D:4      | Reached XP level 5. HP: 34/41 MP: 8/8
  3176 | D:4      | Noticed inmateoo's ghost (amateur DsWn)
  3222 | D:5      | Entered Level 5 of the Dungeon
  3308 | D:5      | Gained mutation: You have large cloven feet. [potion of mutation]
  3308 | D:5      | Gained mutation: Your spells are a little harder to cast, but a little more powerful. [potion of mutation]
  3344 | D:5      | HP: 2/41 [bullfrog zombie (6)]
  3354 | D:5      | Reached skill level 4 in Stealth
  3917 | D:5      | Gained mutation: A demonic guardian rushes to your aid. [demonic ancestry]
  3917 | D:5      | Reached XP level 6. HP: 33/47 MP: 9/9
  4640 | D:4      | Noticed Eustachio
  4653 | D:4      | Killed Eustachio
  4961 | D:4      | Found a glowing golden altar of the Shining One.
  5015 | D:4      | Killed inmateoo's ghost
  5015 | D:4      | Reached skill level 1 in Armour
  5015 | D:4      | Reached skill level 5 in Stealth
  5015 | D:4      | Mutation became permanent: You have large cloven feet. [demonic ancestry]
  5015 | D:4      | Gained mutation: You have large cloven feet. [demonic ancestry]
  5015 | D:4      | Reached XP level 7. HP: 37/53 MP: 10/10
  5583 | D:3      | Killed nuthulu's ghost
  5985 | D:6      | Reached XP level 8. HP: 37/61 MP: 11/11
  6077 | D:6      | Reached skill level 5 in Short Blades
  6077 | D:6      | Reached skill level 6 in Stealth
  6138 | D:6      | Found a shadowy altar of Dithmenos.
  6139 | D:6      | Found a stormy altar of Qazlal.
  6142 | D:6      | Found a basalt altar of Yredelemnul.
  6142 | D:6      | Found a glowing silver altar of Zin.
  6217 | D:6      | Became a worshipper of Dithmenos the Shadowed
  6612 | D:7      | Found a staircase to the Ecumenical Temple.
  6733 | D:7      | Reached skill level 5 in Fighting
  7199 | D:6      | Slain by an unseen horror

Skill      XL: |  1  2  3  4  5  6  7  8 |
---------------+-------------------------+-----
Stealth        | 2 3 4 5 6 |  6.9
Short Blades   | 1 2 3 4 5 |  5.9
Fighting       | 3 4 5 |  5.0
Armour         | 1 2 3 |  3.0
Throwing       | |  1.0
Dodging        | |  0.2
Shields        | |  0.3
Spellcasting   | |  2.0
Translocations | |  1.0
Fire Magic     | |  1.7

Action                   |  1- 3 |  4- 6 |  7- 9 || total
-------------------------+-------+-------+-------++-------
Melee: Dagger            |   122 |   157 |       ||   279
       Short sword       |       |       |    97 ||    97
Evoke: Wand              |       |       |     1 ||     1
  Use: Scroll            |     5 |     2 |       ||     7
       Potion            |       |     4 |       ||     4
 Stab: Sleeping          |     5 |     4 |     9 ||    18
       Distracted        |       |     1 |       ||     1
  Eat: Chunk             |     2 |     7 |     5 ||    14
       Ration            |       |     1 |     1 ||     2
Armor: Leather armour    |    68 |    36 |    50 ||   154
       Robe              |     1 |       |       ||     1
Dodge: Dodged            |    84 |    62 |    36 ||   182
